 Dungeon Crawl Stone Soup version 0.18-a0-1577-gf591c28 (webtiles) character file.

4714 Ijustatesigmund the Insei (level 10, -9/85 HPs)
             Began as an Octopode Transmuter on Mar 20, 2016.
             Was a Priest of Cheibriados.
             Mangled by a warg (13 damage)
             ... on level 9 of the Dungeon.
             The game lasted 00:25:51 (10769 turns).

Ijustatesigmund the Insei (Octopode Transmuter)    Turns: 10769, Time: 00:25:51

Health: -9/85      AC: 12    Str: 19    XL:     10   Next: 45%
Magic:  10/17      EV: 14    Int: 23    God:    Cheibriados [***...]
Gold:   440        SH:  0    Dex: 20    Spells: 3 memorised, 12 levels left

rFire  . . .     SeeInvis .       - Unarmed
rCold  + + +     Gourm    .     (shield currently unavailable)
rNeg   . . .     Faith    .     (helmet currently unavailable)
rPois  +         Spirit   .     (no amulet)
rElec  .         Dismiss  .     i - ring of protection from fire
rCorr  .         Reflect  .     v - +6 ring of protection
SustAt .         Harm     .     (no ring)
MR     .....                    (no ring)
Stlth  ++........               (no ring)
                                (no ring)
                                (no ring)
                                (no ring)

@: ice-form, flying, very slightly contaminated, hasted, slow, not resistant to
hostile enchantments, unstealthy
A: almost no armour, amphibious, 8 rings, (constrict 8), (camouflage 0),
(gelatinous body 0)
a: End Transformation, Bend Time, Temporal Distortion, Renounce Religion


You were on level 9 of the Dungeon.
You worshipped Cheibriados.
Cheibriados was most pleased with you.
You were hungry.
You were a creature of crystalline ice.
You visited 2 branches of the dungeon, and saw 10 of its levels.

You collected 440 gold pieces.

Inventory:

Hand Weapons
 o - a +0 blowgun
Missiles
 a - 70 arrows
 m - 23 poisoned needles
Armour
 n - a +2 hat (melded)
Jewellery
 i - a ring of protection from fire (left front paw)
 v - a +6 ring of protection (right front paw)
Wands
 t - a wand of flame (0/48)
Scrolls
 f - a scroll of remove curse
 g - 4 scrolls of teleportation
Potions
 e - 2 potions of curing
 h - a potion of mutation
 k - a potion of lignification
 p - a potion of brilliance {unknown}
 q - a potion of flight
 w - a potion of agility {unknown}
Books
 b - a book of Changes

   Spells                             Type                      Level
   a - Beastly Appendage              Transmutation                1
   b - Sticks to Snakes               Transmutation                2
   c - Spider Form                    Transmutation/Poison         3
   d - Ice Form                       Ice/Transmutation            4
   e - Blade Hands                    Transmutation                5
Comestibles
 c - 3 bread rations
 j - 6 meat rations
 u - a royal jelly


   Skills:
 - Level 7.0 Fighting
 + Level 5.7 Dodging
 - Level 2.2 Stealth
 - Level 7.7 Unarmed Combat
 + Level 5.2 Spellcasting
 - Level 5.5 Transmutations
 - Level 4.5 Ice Magic
 + Level 4.3 Invocations


You had 12 spell levels left.
You knew the following spells:

 Your Spells              Type           Power        Failure   Level  Hunger
a - Beastly Appendage     Trmt           ####..       1%          1    None
b - Sticks to Snakes      Trmt           ####....     1%          2    None
c - Ice Form              Ice/Trmt       ####....     14%         4    ####...


Dungeon Overview and Level Annotations

Branches:
Dungeon (9/15)             Temple (1/1) D:6
   Lair: D:8-11         Orc: D:9-12

Altars:
Ashenzari
Cheibriados
Dithmenos
Elyvilon
Fedhas
Gozag
Kikubaaqudgha
Makhleb
Nemelex Xobeh
Okawaru
Pakellas
Qazlal
Ru
Sif Muna
Trog
Vehumet
Xom
Yredelemnul
Zin
The Shining One

Shops:
D:5 [

Annotations:
D:7 kak's ghost, novice OpVM
D:8 exclusions: ice statue and orange crystal statue


Innate Abilities, Weirdness & Mutations

You cannot wear most types of armour.
You are amphibious.
You can wear up to eight rings at the same time.
((You can use your tentacles to constrict eight enemies at once.))
((Your skin changes colour to match your surroundings (Stealth).))
((Your rubbery body absorbs attacks (AC +1).))


Message History

Beogh smites you!
* * * LOW HITPOINT WARNING * * *
Read which item? (? for menu, Esc to quit)
Okay, then.
Drink which item? (? for menu, Esc to quit)
It was a potion of haste.
You feel yourself speed up.
Cheibriados forgives your accidental hurry, just this once.
The hound bites you but does no damage.
The warg howls!
You hit the hound. You freeze the hound.
The hound is moderately wounded.
The warg misses you. The hound bites you but does no damage.
You barely miss the hound.
The hound is moderately wounded.
The warg closely misses you.
You punch the hound! You freeze the hound.
You kill the hound!
Cheibriados appreciates the change of pace.
The warg bites you!
You die...

#hhS.ยง..#.#####.##
#######..o........
###o####.### #.#
#h# #.# #.# #h# #Y#
#.# #.# #.# #.# #.#
#.# #.#


You could see 2 wargs, an orc priest and an orc.

Vanquished Creatures
  Pikel (D:7)
  Sigmund (D:6)
  3 water moccasins
  6 yaks
  A hippogriff (D:9)
  A hungry ghost (D:9)
  The ghost of M4edhros the Grasshopper, an amateur OpWr (D:3)
  An ice beast (D:7)
  A phantom (D:8)
  A black bear (D:8)
  A sky beast (D:7)
  6 ogres
  A big kobold (D:4)
  Blork the orc (D:6)
  6 giant frogs
  4 scorpions
  A howler monkey (D:5)
  4 crimson imps
  A jelly (D:7)
  A quasit (D:7)
  2 centaur skeletons (D:4)
  5 hounds
  2 iguanas
  An orc wizard (D:5)
  5 worker ants
  10 adders
  4 gnolls (D:6)
  A shadow imp (D:8)
  An adder zombie (D:7)
  A worm (D:2)
  2 dart slugs
  3 giant geckos
  17 orcs
  6 giant cockroaches
  7 goblins
  7 hobgoblins
  6 jackals
  3 quokkas
  9 bats
  6 giant newts
  3 jackal skeletons
  23 kobolds
  A quokka skeleton (D:5)
  6 rats
  4 plants (D:4)
178 creatures vanquished.

Vanquished Creatures (collateral kills)
  A two-headed ogre (D:7)
1 creature vanquished.

Vanquished Creatures (others)
  4 slaves (D:7)
  A centaur (D:7)
  2 worker ants
  A killer bee zombie (D:7)
8 creatures vanquished.

Grand Total: 187 creatures vanquished

Notes
Turn   | Place    | Note
--------------------------------------------------------------
     0 | D:1      | Ijustatesigmund the Octopode Transmuter began the quest for the Orb.
     0 | D:1      | Reached XP level 1. HP: 13/13 MP: 3/3
   467 | D:1      | Reached XP level 2. HP: 18/18 MP: 5/5
   471 | D:1      | Learned a level 2 spell: Sticks to Snakes
  1107 | D:2      | Reached XP level 3. HP: 13/24 MP: 6/6
  1548 | D:2      | Reached XP level 4. HP: 26/30 MP: 7/7
  2085 | D:2      | Found a deep blue altar of Sif Muna.
  2122 | D:3      | Reached skill level 1 in Stealth
  2346 | D:3      | Noticed M4edhros's ghost (amateur OpWr)
  2447 | D:4      | Learned a level 4 spell: Ice Form
  2463 | D:4      | Reached skill level 1 in Ice Magic
  2476 | D:4      | Noticed an ogre
  2534 | D:4      | Killed an ogre
  2534 | D:4      | Reached XP level 5. HP: 12/35 MP: 0/8
  2842 | D:4      | Reached XP level 6. HP: 7/41 MP: 7/9
  2846 | D:5      | Entered Level 5 of the Dungeon
  3291 | D:5      | Found Suapni's Armour Boutique.
  3484 | D:4      | Reached XP level 7. HP: 20/45 MP: 10/10
  4050 | D:4      | Found a sparkling altar of Nemelex Xobeh.
  4771 | D:5      | Reached skill level 5 in Transmutations
  6098 | D:3      | Killed M4edhros's ghost
  6098 | D:3      | Reached XP level 8. HP: 52/52 MP: 7/11
  6169 | D:3      | Found a burning altar of Makhleb.
  6169 | D:3      | Found a radiant altar of Vehumet.
  6513 | D:6      | Found a staircase to the Ecumenical Temple.
  6733 | Temple   | Entered the Ecumenical Temple
  6825 | Temple   | Became a worshipper of Cheibriados the Contemplative
  7145 | D:6      | Noticed Blork the orc
  7154 | D:6      | Noticed Sigmund
  7163 | D:6      | Killed Blork the orc
  7163 | D:6      | Reached skill level 5 in Unarmed Combat
  7172 | D:6      | Killed Sigmund
  7583 | D:6      | Found a basalt altar of Yredelemnul.
  7617 | D:6      | Found a glowing golden altar of the Shining One.
  7619 | D:6      | Noticed an angel
  7760 | D:6      | Found an opulent altar of Gozag.
  8125 | D:7      | Noticed kak's ghost (novice OpVM)
  8342 | D:6      | Reached * piety under Cheibriados
  8417 | D:7      | Reached skill level 5 in Fighting
  8499 | D:7      | Noticed Pikel
  8513 | D:7      | Killed Pikel
  8513 | D:7      | Reached XP level 9. HP: 62/62 MP: 7/12
  8811 | D:8      | Noticed an orange crystal statue
  8811 | D:8      | Noticed a two-headed ogre
  8961 | D:7      | Reached ** piety under Cheibriados
  9233 | D:7      | Killed a two-headed ogre
  9748 | D:8      | Reached skill level 1 in Invocations
  9806 | D:8      | Reached XP level 10. HP: 50/71 MP: 3/16
 10231 | D:8      | Noticed an ice statue
 10243 | D:9      | Found a burning altar of Makhleb.
 10286 | D:8      | Reached skill level 5 in Dodging
 10456 | D:9      | Reached *** piety under Cheibriados
 10666 | D:9      | Reached skill level 5 in Spellcasting
 10764 | D:9      | HP: 3/85 [orc priest/divine providence (10)]
 10769 | D:9      | Mangled by a warg

Vault maps used:
D:1:      kilobyte_arrival_exit_the_forest
D:2:      lemuel_coloured_pillars_altar
D:3:      grunt_temple_overflow_lords_of_destruction, minmay_bisected
D:4:      kennysheep_kobold_camp, first_bread, nemelex_spade_bored_becter
D:5:      serial_shops, nicolae_shop_crystal
D:6:      grunt_temple_overflow_holy_war, kennysheep_little_box,
          minmay_temple_entry_nine_rooms, uniq_sigmund, uniq_blork_the_orc
D:7:      uniq_pikel
D:8:      minmay_separated_statues
D:9:      erik_lair_orcish_takeover, david_orc_4, basic_altar, serial_shops,
          shop_statue, hangedman_little_slice_of_home, okawaru_gym_becter,
          uniq_erica
Temple:   minmay_temple_curvy_14

Skill      XL: |  1  2  3  4  5  6  7  8  9 10 |
---------------+-------------------------------+-----
Fighting       | 2 3 6 7 |  7.0
Unarmed Combat | 4 7 |  7.7
Stealth        | 2 |  2.2
Ice Magic      | 2 3 4 |  4.5
Transmutations | 3 5 |  5.5
Dodging        | 4 5 |  5.7
Spellcasting   | 4 5 |  5.2
Invocations    | 2 4 |  4.3

Action                   |  1- 3 |  4- 6 |  7- 9 | 10-12 || total
-------------------------+-------+-------+-------+-------++-------
Melee: Unarmed           |    66 |   111 |   361 |    64 ||   602
       Blowgun           |       |       |     4 |       ||     4
 Fire: Blowgun           |       |       |     3 |       ||     3
 Cast: Beastly Appendage |     1 |     8 |     1 |       ||    10
       Sticks to Snakes  |       |     4 |    10 |     4 ||    18
       Ice Form          |       |     1 |    14 |     3 ||    18
  Use: Scroll            |       |     9 |     5 |     5 ||    19
       Potion            |       |     2 |     2 |     2 ||     6
 Stab: Sleeping          |     4 |     5 |     8 |       ||    17
       Invisible         |       |     1 |       |       ||     1
       Distracted        |       |       |     2 |     1 ||     3
  Eat: Chunk             |     1 |     2 |    12 |     5 ||    20
       Beef jerky        |       |     1 |       |       ||     1
       Bread ration      |       |     1 |     2 |       ||     3
       Fruit             |       |       |     3 |       ||     3
